 Dungeon Crawl Stone Soup version 0.28-a0-657-g71136c5590 (webtiles) character file.

Game seed: 13083303646497748243

7655 KristoblXynda the Covert (level 10, -17/74 HPs)
             Began as a Vampire Gladiator on Oct 13, 2021.
             Was a High Priest of Okawaru.
             Demolished by a white ugly thing (21 damage)
             ... on level 11 of the Dungeon.
             The game lasted 00:18:08 (11593 turns).

KristoblXynda the Covert (Vampire Gladiator)       Turns: 11593, Time: 00:18:09

Health: -17/74     AC: 14    Str: 16    XL:     10   Next: 99%
Magic:  10/10      EV: 17    Int: 11    God:    Okawaru [*****.]
Gold:   679        SH: 10    Dex: 16    Spells: 9/9 levels left

rFire   . . .      SeeInvis +   k - +4 long sword
rCold   . . .      Faith    .   l - +0 buckler
rNeg    . . .      Spirit   .   M - +4 scale mail "Dioc" {rCorr}
rPois   .          Reflect  +   c - +0 helmet
rElec   .          Harm     .   A - scarf {+Inv}
rCorr   +          Rampage  .   h - +0 pair of gloves {archery}
Will    +....                   i - +0 pair of boots
Stlth   +++.......              K - amulet of reflection
HPRegen 0.42/turn               t - +4 ring of evasion
MPRegen 0.12/turn               I - +4 ring of slaying

@: healing quickly
A: alive, fangs 3, see invisible, vampiric 2
a: Exsanguinate, Renounce Religion, Evoke Invisibility, Heroism, Finesse, Duel


You were on level 11 of the Dungeon.
You worshipped Okawaru.
Okawaru was extremely pleased with you.
You visited 2 branches of the dungeon, and saw 12 of its levels.
You also visited: Sewer.

You collected 804 gold pieces.
You spent 125 gold pieces at shops.

Inventory:

Hand Weapons
 k - a +4 long sword (weapon)
 H - a +0 scimitar
Missiles
 b - a throwing net (quivered)
 N - 4 silver javelins
Armour
 c - a +0 helmet (worn)
 h - a +0 pair of gloves of archery (worn)
 i - a +0 pair of boots (worn)
 l - a +0 buckler (worn)
 A - a scarf of invisibility (worn)
 C - the +5 chain mail "Xoagooto" {rC+ Will+ Int+2}
   (You found it on level 6 of the Dungeon)

   Int:       It affects your intelligence (+2).
   rC:        It protects you from cold.
   Will:      It increases your willpower.
 F - a +2 robe of the Archmagi
 L - +0 swamp dragon scales
 M - the +4 scale mail "Dioc" (worn) {rCorr}
   (You found it on level 8 of the Dungeon)

   rCorr:     It protects you from acid and corrosion.
 O - +0 acid dragon scales
Jewellery
 a - a ring of resist corrosion
 r - a ring of ice
 t - a +4 ring of evasion (left hand)
 I - a +4 ring of slaying (right hand)
 K - an amulet of reflection (around neck)
Wands
 e - a wand of iceblast (15)
 x - a wand of acid (25)
 B - a wand of mindburst (23)
Scrolls
 f - 2 scrolls of enchant weapon
 j - 2 scrolls of fog
 o - 2 scrolls of immolation
 p - 2 scrolls of blinking
 q - 2 scrolls of fear
 y - 3 scrolls of amnesia
 z - 5 scrolls of teleportation
Potions
 g - 2 potions of degeneration {unknown}
 m - 2 potions of lignification
 n - a potion of brilliance {unknown}
 s - a potion of mutation {unknown}
 v - 4 potions of heal wounds
 w - 2 potions of haste
 D - 2 potions of attraction
 E - 2 potions of curing
 G - 2 potions of resistance
 J - a potion of invisibility {unknown}


   Skills:
 - Level 5.2 Fighting
 + Level 8.4 Long Blades
 - Level 2.0 Throwing
 + Level 4.5 Armour
 + Level 9.2 Dodging
 - Level 10.5 Stealth
 + Level 2.8 Shields
 + Level 6.0 Evocations


You had 9 spell levels left.
You didn't know any spells.
Your spell library contained the following spells:

 Spells                   Type           Power      Damage    Failure   Level
 Apportation              Tloc           0%         N/A       80%         1
 Sandblast                Erth           0%         2d4       80%         1
 Passwall                 Tmut/Erth      0%         N/A       91%         2
 Static Discharge         Conj/Air       0%         N/A       91%         2
 Dazzling Flash           Conj/Hex       0%         N/A       99%         3
 Stone Arrow              Conj/Erth      0%         3d7       99%         3
 Fulminant Prism          Conj/Hex       0%         3d6       100%        4
 Iskenderun's Mystic Bla  Conj/Tloc      0%         2d3       100%        4
 Agony                    Necr           0%         N/A       100%        5
 Lee's Rapid Deconstruct  Erth           0%         3d5*      100%        5
 Lightning Bolt           Conj/Air       0%         1d11      100%        5
 Silence                  Hex/Air        0%         N/A       100%        5
 Maxwell's Capacitive Co  Air            0%         ∞         100%        8


Dungeon Overview and Level Annotations

Branches:
Dungeon (11/15)            Temple (1/1) D:6             Orc (0/2) D:11
  Sewer (visited)
   Lair: D:8-11

Altars:
Ashenzari
Cheibriados
Dithmenos
Elyvilon
Fedhas
Gozag
Hepliaklqana
Kikubaaqudgha
Makhleb
Nemelex Xobeh
Okawaru
Qazlal
Ru
Sif Muna
Trog
Uskayaw
Vehumet
Wu Jian
Xom
Yredelemnul
Zin
The Shining One
Jiyva

Shops:
D:7 *   D:11 (


Innate Abilities, Weirdness & Mutations

Your natural rate of healing is accelerated.
You have razor-sharp teeth.
You have supernaturally acute eyesight. (SInv)
You are afflicted with vampirism and can become a bat while bloodless.


Message History

Found Inimef's Antique Weapon Shop.
As you read the scroll of identify, it crumbles to dust.
G - 2 potions of resistance
There is an open door here.
You start waiting.
Done waiting.
There is an entrance to Inimef's Antique Weapon Shop here.
You open the door.
There is an open door here.
There is an open door here.
You open the door.
A white ugly thing comes into view.
A white ugly thing is nearby!
A white ugly thing is nearby!
A white ugly thing is nearby!
There is an open door here.
The white ugly thing gurgles horribly!
Found 19 gold pieces.
Aiming: Mindburst
Press: ? - help, Shift-Dir - straight line, f - white ugly thing
Aim: a white ugly thing (chance to affect: 72%)
The white ugly thing struggles to resist.
You slash the white ugly thing!
The white ugly thing is moderately wounded.
The white ugly thing closely misses you.
The white ugly thing misses you.
You hit the white ugly thing but do no damage.
The white ugly thing is moderately wounded.
The white ugly thing tail-slaps you. The white ugly thing freezes you!!
Your scale mail "Dioc" prevents you from hitting the white ugly thing.
You bite the white ugly thing, but do no damage.
The white ugly thing is lightly wounded.
The white ugly thing tail-slaps you. The white ugly thing freezes you!!
* * * LOW HITPOINT WARNING * * *
You slash the white ugly thing!
The white ugly thing is heavily wounded.
The white ugly thing tail-slaps you!
* * * LOW HITPOINT WARNING * * *
The white ugly thing freezes you!!
You die...

#........)....<..........
#.....#####....#######...
#.... #....# #... ....
#....# #... .... #....#
#... ..... #....# #...
.$....#####....#######...
........................
#..u@.#+#.######.....
#..##.'∩'.# #..... #.
###'### #..... # #..#
#..... ##.# #..... #.#
#.#'## #.# #.#... #.#
#.#... ..# #.'...


You could see a white ugly thing.

Vanquished Creatures
  2 two-headed ogres
  Pikel (D:7)
  A cyclops (D:10)
  Joseph (D:7)
  Maggie (D:9)
  Psyche (D:9)
  Prince Ribbit (D:8)
  A shadow (D:10)
  A vampire (D:10)
  A wyvern (D:9)
  Grum (D:9)
  A warg (D:11)
  3 water moccasins
  An acid dragon (D:10)
  4 orc warriors
  A sky beast (D:7)
  A black bear (D:4)
  2 ogres
  2 wolves (D:9)
  4 centaurs
  3 lemures
  A phantom (D:5)
  A kobold brigand (D:6)
  4 killer bees (D:9)
  A water moccasin skeleton (D:5)
  4 wights (D:9)
  4 howler monkeys
  5 centaur zombies
  3 bullfrog skeletons
  3 orc priests
  3 iron imps (D:4)
  2 jellies
  2 gnoll shamans (D:8)
  2 iguanas
  12 orc wizards
  A hound skeleton (D:4)
  12 gnolls
  An adder (D:2)
  A howler monkey skeleton (D:5)
  8 river rats (D:5)
  4 shadow imps
  2 white imps
  An ufetubus (D:5)
  2 dart slugs
  36 orcs
  5 ball pythons
  3 bats
  3 endoplasms
  8 giant cockroaches
  7 goblins
  8 hobgoblins
  3 jackals
  11 kobolds
  11 quokkas
  4 frilled lizards
  16 rats
  A spectral orc (D:10)
229 creatures vanquished.

Notes
Turn   | Place    | Note
-------+----------+-------------------------------------------
     0 | D:1      | KristoblXynda the Vampire Gladiator began the quest for the
                  | Orb.
     0 | D:1      | Reached XP level 1. HP: 16/16 MP: 1/1
   161 | D:1      | Found a faded altar of an unknown god.
   185 | D:1      | Got Plato's Papyrus of Displacement
   370 | D:1      | Reached XP level 2. HP: 22/22 MP: 2/2
  1232 | D:2      | Gained mutation: You are afflicted with vampirism and can
                  | become a bat while bloodless. [Vampire growth]
  1232 | D:2      | Reached XP level 3. HP: 27/27 MP: 3/3
  1863 | D:3      | Found a glowing drain.
  1881 | D:3      | Reached skill level 1 in Stealth
  1899 | Sewer    | Entered a sewer
  1972 | Sewer    | Noticed a water moccasin
  2001 | Sewer    | Killed a water moccasin
  2002 | Sewer    | Reached skill level 2 in Stealth
  2002 | Sewer    | Reached XP level 4. HP: 4/34 MP: 4/4
  2002 | Sewer    | Reached XP level 5. HP: 4/40 MP: 5/5
  2160 | D:3      | Reached skill level 3 in Stealth
  2547 | D:3      | Found a shimmering blue altar of Sif Muna.
  3038 | D:4      | Noticed a black bear
  3051 | D:4      | Killed a black bear
  3052 | D:4      | Reached skill level 4 in Stealth
  3052 | D:4      | Reached XP level 6. HP: 26/47 MP: 6/6
  3256 | D:4      | Found a shimmering altar of Xom.
  3461 | D:4      | Found a burning altar of Makhleb.
  3466 | D:4      | Identified the +1 ring mail of Reasonable Contentment
                  | {Will+ Dex+4}
  3517 | D:4      | Reached skill level 5 in Dodging
  3741 | D:4      | Found a stormy altar of Qazlal.
  3971 | D:5      | Entered Level 5 of the Dungeon
  4035 | D:5      | Found an iron altar of Okawaru.
  4038 | D:5      | Found a broken altar of Ashenzari.
  4040 | D:5      | Found a blossoming altar of Fedhas.
  4043 | D:5      | Became a worshipper of Warmaster Okawaru
  4110 | D:5      | Reached skill level 5 in Stealth
  4110 | D:5      | Reached XP level 7. HP: 53/53 MP: 7/7
  4544 | D:5      | Identified the +8 hunting sling of Certain Death {vorpal,
                  | rN+ Stlth+}
  4600 | D:5      | Reached skill level 5 in Long Blades
  4625 | D:5      | Reached * piety under Okawaru
  4634 | D:5      | Reached skill level 1 in Evocations
  4666 | D:5      | Reached skill level 6 in Stealth
  5050 | D:6      | Identified the +5 chain mail "Xoagooto" {rC+ Will+ Int+2}
  5230 | D:6      | Reached XP level 8. HP: 61/61 MP: 8/8
  5252 | D:6      | Found Zin's Purification Station.
  5258 | D:6      | Bought a potion of curing for 90 gold pieces
  5343 | D:6      | Found a hazy altar of Hepliaklqana.
  5531 | D:6      | Found a staircase to the Ecumenical Temple.
  5933 | Temple   | Entered the Ecumenical Temple
  6081 | D:7      | Noticed Pikel
  6231 | D:7      | Reached skill level 7 in Stealth
  6253 | D:7      | Killed Pikel
  6253 | D:7      | Reached ** piety under Okawaru
  6254 | D:7      | Reached skill level 5 in Fighting
  6343 | D:7      | Reached skill level 8 in Stealth
  6417 | D:7      | Reached XP level 9. HP: 59/68 MP: 9/9
  6698 | D:7      | Found a sparkling altar of Nemelex Xobeh.
  6851 | D:7      | Found Siutut's CLEARANCE SALE!.
  6864 | D:7      | Bought a scroll of identify for 14 gold pieces
  6864 | D:7      | Bought a scroll of teleportation for 21 gold pieces
  7142 | D:7      | Noticed Joseph
  7158 | D:7      | Killed Joseph
  7159 | D:7      | Reached skill level 1 in Armour
  7345 | D:7      | Reached *** piety under Okawaru
  7460 | D:8      | Noticed Prince Ribbit
  7482 | D:8      | Killed Prince Ribbit
  7524 | D:8      | Noticed a lindwurm
  7524 | D:8      | Noticed a lindwurm
  7525 | D:8      | Noticed a lindwurm
  7696 | D:8      | Noticed a lindwurm
  7752 | D:8      | Reached skill level 9 in Stealth
  7757 | D:8      | Identified the +9 spear of Yvaog {freeze, rElec rN+ Dex+4}
  8400 | D:8      | Identified the +4 scale mail "Dioc" {rCorr}
  8767 | D:9      | Identified the +1 robe "Aze Arurgh" {rF+}
  8852 | D:9      | Identified a scroll of acquirement
  8852 | D:9      | Acquired a +0 pair of gloves of archery
  9061 | D:9      | Noticed a two-headed ogre
  9076 | D:9      | Killed a two-headed ogre
  9076 | D:9      | Reached **** piety under Okawaru
  9077 | D:9      | Reached skill level 10 in Stealth
  9077 | D:9      | Reached XP level 10. HP: 41/74 MP: 10/10
  9438 | D:9      | Noticed Grum
  9452 | D:9      | Noticed Maggie
  9457 | D:9      | Killed Grum
  9457 | D:9      | Received a gift from Okawaru
  9459 | D:9      | Reached skill level 5 in Evocations
  9461 | D:9      | Killed Maggie
 10073 | D:10     | Entered Level 10 of the Dungeon
 10073 | D:10     | Noticed Psyche
 10073 | D:10     | Noticed a cyclops
 10090 | D:9      | Killed Psyche
 10091 | D:9      | Reached skill level 1 in Shields
 10143 | D:10     | Killed a cyclops
 10143 | D:10     | Reached ***** piety under Okawaru
 10567 | D:10     | Found an opulent altar of Gozag.
 10968 | D:10     | Found a basalt altar of Yredelemnul.
 11096 | D:11     | Found a staircase to the Orcish Mines.
 11289 | D:11     | Noticed a two-headed ogre
 11293 | D:11     | Killed a two-headed ogre
 11327 | D:11     | Received a gift from Okawaru
 11475 | D:11     | Found Inimef's Antique Weapon Shop.
 11585 | D:11     | Noticed a white ugly thing
 11593 | D:11     | Demolished by a white ugly thing

Illustrated notes

Levels and vault maps discovered:
D:1:      dpeg_arrival_rooms_c, layout_loops_corners,
          shapermc_ecumenical_altar_rom_forum, minmay_hedge_maze
D:2:      layout_basic, st_stairs_5
D:3:      layout_loops_ring, nicolae_sif_muna_condensation,
          gup_sewer_entry_pipe, grunt_ministairs_6, minmay_puff
D:4:      layout_basic, lemuel_crystal_altar, demons_altar,
          mainiacjoe_overflow_alcove_2
D:5:      lemuel_ratsnest, layout_loops_ring, minitemple,
          chequers_hall_statues_wall_a, minmay_misc_feat_roman
D:6:      layout_basic, zin_purify, nicolae_hepliaklqana_hippocampus,
          minmay_temple_entry_hall
D:7:      layout_basic, lemuel_coloured_pillars_altar, minivault_10,
          palyth_stone_intersect, nicolae_shop_clearance, uniq_joseph,
          uniq_pikel
D:8:      layout_basic, minmay_lindwurm_lava, uniq_prince_ribbit1
D:9:      layout_loops_corners, serial_glass, glass_columns_b, glass_columns_a,
          uniq_maggie, uniq_grum
D:10:     layout_small_grid, yredelemnul_forgotten_temple_becter,
          nicolae_gozag_seed_capital, tso_altar, uniq_psyche
D:11:     layout_irregular_city, lair_entry_dummy, erik_orc_4, serial_glass,
          glass_columns_a, glass_columns_a, serial_shops, kennysheep_mini
Temple:   pf_slimified_temple

Skill      XL: |  1  2  3  4  5  6  7  8  9 10 |
---------------+-------------------------------+-----
Fighting       | 2 3 4 5 |  5.2
Throwing       | 2 |  2.0
Stealth        | 2 4 5 6 8 10 | 10.5
Dodging        | 4 5 6 8 9 |  9.2
Long Blades    | 4 5 6 7 8 |  8.4
Evocations     | 1 3 4 6 |  6.0
Armour         | 3 4 |  4.5
Shields        | 2 |  2.8

Action                   |  1- 3 |  4- 6 |  7- 9 | 10-12 || total
-------------------------+-------+-------+-------+-------++-------
Melee: Dagger            |   124 |   152 |   467 |       ||   743
       Long sword        |     2 |       |    54 |   125 ||   181
       Bite              |    10 |    18 |    83 |    16 ||   127
Throw: Throwing net      |     3 |       |     1 |       ||     4
Evoke: Wand              |       |       |     6 |    17 ||    23
  Use: Potion            |     1 |     1 |     1 |       ||     3
       Scroll            |       |     4 |    10 |     2 ||    16
 Stab: Sleeping          |     2 |     7 |    11 |     5 ||    25
       Held in net/web   |     2 |       |     3 |       ||     5
Armor: Leather armour    |    38 |    32 |       |       ||    70
       Ring mail         |       |     3 |    98 |    13 ||   114
       Skin              |       |       |    15 |       ||    15
       Scale mail        |       |       |       |    22 ||    22
Dodge: Dodged            |    78 |    87 |   298 |    88 ||   551
Block: Other             |       |       |     1 |    10 ||    11
       Buckler           |       |       |       |    48 ||    48

Table legend: (Time is in decaauts)
 A = Elapsed time spent in this place.
 B = Non-inter-level travel time spent in this place.
 C = Inter-level travel time spent in this place.
 D = Time resting spent in this place.
 E = Time spent auto-exploring this place.
 F = Levels seen in this place.
 G = Mean time per level.
                   A        B        C        D        E       F      G
               +--------+--------+--------+--------+--------+-----+--------+
         Total |  11488 |  11190 |    298 |   1717 |   7240 |  13 |  883.7 |
       Dungeon |  11141 |  10861 |    280 |   1636 |   7090 |  11 | 1012.8 |
        Temple |    103 |     85 |     18 |      0 |     78 |   1 |  103.0 |
         Sewer |    243 |    243 |      0 |     81 |     71 |   1 |  243.0 |
               +--------+--------+--------+--------+--------+-----+--------+

Top non-repeatable levels by time:
     D:7: 1386 daAuts
     D:9: 1365 daAuts
     D:8: 1165 daAuts
     D:6: 1047 daAuts
     D:5: 999 daAuts
     D:4: 977 daAuts
    D:10: 964 daAuts
     D:2: 947 daAuts
     D:1: 896 daAuts
     D:3: 888 daAuts
    D:11: 502 daAuts
   Sewer: 243 daAuts
  Temple: 103 daAuts
